 Dungeon Crawl Stone Soup version 0.25-a0-294-gea9b1ad378 (webtiles) character file.

Game seed: 6702318138937284815, levelgen mode: deterministic

52794 Gargoyl the Protected (level 14, 0/121 HPs)
             Began as a Centaur Abyssal Knight on Dec 17, 2019.
             Was a Priest of Lugonu.
             Slain by a large abomination (23 damage)
             ... on level 1 of the Abyss.
             The game lasted 00:38:14 (29341 turns).

Gargoyl the Protected (Centaur Abyssal Knight)     Turns: 29341, Time: 00:38:15

Health: 0/121      AC: 21    Str: 24    XL:     14   Next: 28%
Magic:  22/22      EV: 10    Int: 14    God:    Lugonu [***...]
Gold:   989        SH:  0    Dex: 10    Spells: 13/13 levels left

rFire    . . .     SeeInvis .   p - +6 whip of the Sky {drain, rN+ Str+3 Int+3}
rCold    . . .     Gourm    .   (no shield)
rNeg     + . .     Faith    .   r - +2 ring mail {rPois}
rPois    +         Spirit   .   (no helmet)
rElec    .         Reflect  .   d - +2 cloak
rCorr    .         Harm     .   G - +0 pair of gloves
MR       ++...                  H - +0 centaur barding
Stlth    ..........             (no amulet)
HPRegen  0.30/turn              k - ring of protection from magic
MPRegen  0.18/turn              D - +2 ring of strength

@: lightly drained, very quick
A: large, hooves 3, deformed body, speed 2, tough skin 3, no potion heal 1
a: Depart the Abyss, Bend Space, Banish, Renounce Religion


You were on level 1 of the Abyss.
You worshipped Lugonu.
Lugonu was most pleased with you.
You were very hungry.

You visited 2 branches of the dungeon, and saw 16 of its levels.
You visited the Abyss 2 times.

You collected 1110 gold pieces.
You spent 121 gold pieces at shops.

Inventory:

Hand Weapons
 a - a +2 hand axe
 p - the +6 whip of the Sky (weapon) {drain, rN+ Str+3 Int+3}
   (You found it on level 4 of the Dungeon)

   A truly terrible weapon, it drains the life of those it strikes.
   It affects your strength (+3).
   It affects your intelligence (+3).
   It protects you from negative energy.
 w - a +1 war axe
Armour
 d - a +2 cloak (worn)
 r - a +2 ring mail of poison resistance (worn)
 G - a +0 pair of gloves (worn)
 H - a +0 centaur barding (worn)
 L - a +2 chain mail of cold resistance
Jewellery
 k - a ring of protection from magic (left hand)
 s - an uncursed ring of protection from cold
 D - a +2 ring of strength (right hand)
 J - an uncursed ring of flight {unknown}
Wands
 f - a wand of random effects (48)
 l - a wand of disintegration (9)
 u - a wand of paralysis (6)
 v - a wand of iceblast (38)
 B - a wand of digging (6)
 E - a wand of flame (19)
Scrolls
 b - 12 scrolls of remove curse
 o - 3 scrolls of magic mapping
 t - 2 scrolls of fog
 x - 2 scrolls of identify
 y - a scroll of fear
 z - 2 scrolls of teleportation
 C - a scroll of summoning
 I - a scroll of enchant weapon
Potions
 e - 4 potions of lignification
 g - 7 potions of flight
 h - 3 potions of agility
 i - a potion of heal wounds
 j - a potion of brilliance
 m - 12 potions of curing
 n - 3 potions of magic
 q - a potion of invisibility
 A - 2 potions of cancellation
 K - a potion of berserk rage
Miscellaneous
 F - a lightning rod (4/4)
Comestibles
 c - 23 rations


   Skills:
 + Level 10.3(10.1) Fighting
 + Level 3.7(8.1) Axes
 + Level 11.2(11.3) Maces & Flails
 * Level 11.8(11.6) Armour
 * Level 8.7(8.6) Dodging
 * Level 11.4(11.2) Invocations


You had 13 spell levels left.
You didn't know any spells.
Your spell library contained the following spells:

 Spells                   Type           Power        Failure   Level  Hunger
 Beastly Appendage        Tmut           #.....       38%         1    ##.....
 Sticks to Snakes         Tmut           #.......     52%         2    ###....
 Spider Form              Tmut/Pois      #.........   77%         3    ####...
 Ice Form                 Ice/Tmut       #.......     99%         4    #####..
 Blade Hands              Tmut           #.........   100%        5    ######.


Dungeon Overview and Level Annotations

Branches:
Dungeon (10/15)            Temple (0/1) D:6            Lair (6/6) D:9
 Shoals (0/4) Lair:2       Spider (0/4) Lair:2        Slime (0/5) Lair:6
    Orc: D:9-12

Altars:
Dithmenos
Kikubaaqudgha
Makhleb
Okawaru
Sif Muna
Yredelemnul
The Shining One
Jiyva

Shops:
D:8 !   D:9 }   D:10 =


Innate Abilities, Weirdness & Mutations

You have hooves in place of feet.
Armour fits poorly on your strangely shaped body.
You cover ground very quickly.
You have extremely tough skin. (AC +3)
Potions are less effective at restoring your health.


Message History

Aiming: Disintegrate
Press: ? - help, Shift-Dir - straight line, f/p - large abomination
Aim: a large abomination (lightly damaged, chance to defeat MR: 7%)
The large abomination resists with almost no effort.
Aiming: Disintegrate
Press: ? - help, Shift-Dir - straight line, f/p - large abomination
Aim: a large abomination (lightly damaged, chance to defeat MR: 7%)
The large abomination resists with almost no effort.
You hit the large abomination.
The large abomination is lightly damaged.
You hit the large abomination. You kick the large abomination!
The large abomination is heavily damaged.
The large abomination hits you!!
* * * LOW HITPOINT WARNING * * *
Your system partially rejects the healing.
You feel much better. The large abomination hits you!!
* * * LOW HITPOINT WARNING * * *
Your system partially rejects the healing.
You feel much better. The large abomination hits you!!
You die...

. ## .. .. ... ...
####. #..# .... ...
#..# # #
....####.####....
.. ...............
... ..
................
....
.......X..#########
##
.......@.........
.................
...............
.....#########..#
#...% .# .... ...
...


You could see a large abomination.

Vanquished Creatures
  3 stone giants
  Nessos (Lair:6)
  A dire elephant (Lair:5)
  3 hydras
  4 catoblepae (Lair:6)
  13 death yaks
  A two-headed ogre (D:7)
  2 manticores (Lair:6)
  14 elephants
  A torpor snail (Lair:5)
  3 black mambas
  8 spiny frogs
  A rime drake (Lair:2)
  7 komodo dragons
  2 polar bears
  2 jumping spiders (Lair:2)
  13 blink frogs
  7 dream sheep
  9 hippogriffs
  A spriggan (D:7)
  A wyvern (Lair:3)
  34 yaks
  Grum (D:8)
  11 basilisks
  A hungry ghost (D:7)
  Menkaure (D:7)
  2 hell hounds (Lair:5)
  11 porcupines
  4 sky beasts
  9 water moccasins
  A black bear (Lair:3)
  2 ice beasts
  An eye of draining (D:10)
  An orc warrior (D:10)
  4 phantoms
  4 ogres
  9 wolves
  8 centaurs
  11 crocodiles
  2 big kobolds (D:10)
  14 bullfrogs
  A wyvern zombie (D:9)
  A scorpion (D:9)
  A water moccasin skeleton (D:6)
  3 howler monkeys
  An electric eel (Lair:6)
  6 crimson imps
  A centaur zombie (D:10)
  A quasit (D:5)
  A bullfrog zombie (D:8)
  A centaur skeleton (D:7)
  A hound (D:8)
  A jelly (D:10)
  5 orc priests
  8 orc wizards
  A hell rat (Lair:3)
  5 iguanas
  3 worker ants
  Terence (D:2)
  2 hound skeletons
  2 worker ant zombies
  A howler monkey skeleton (D:8)
  10 gnolls
  14 adders
  2 shadow imps
  An adder skeleton (D:8)
  2 worms (D:3)
  3 leopard geckos
  15 orcs
  A ball python (D:3)
  5 bats
  3 giant cockroaches
  5 goblins
  5 hobgoblins
  8 jackals
  6 quokkas
  4 frilled lizards
  13 kobolds
  2 quokka skeletons
  9 rats
383 creatures vanquished.

Vanquished Creatures (collateral kills)
  A bullfrog (D:6)
1 creature vanquished.

Vanquished Creatures (others)
  A hydra (Lair:3)
  A catoblepas (Lair:3)
  A death yak (Lair:1)
  A manticore (D:7)
  A spiny frog (Lair:1)
  A vampire (D:9)
  A centaur (Lair:2)
  2 bushes
  10 fungi
  A lurking horror (Abyss:1)
  11 plants
31 creatures vanquished.

Grand Total: 415 creatures vanquished

Notes
Turn   | Place    | Note
-------+----------+-------------------------------------------
     0 | Abyss:1  | Gargoyl the Centaur Abyssal Knight began the quest for the
                  | Orb.
     0 | Abyss:1  | Reached XP level 1. HP: 19/19 MP: 2/2
    45 | Abyss:3  | Found a corrupted altar of Lugonu.
    51 | Abyss:3  | Noticed a spatial maelstrom
    53 | Abyss:3  | Found a corrupted altar of Lugonu.
    70 | D:1      | Escaped the Abyss
   396 | D:1      | Reached XP level 2. HP: 21/26 MP: 3/3
   500 | D:1      | Reached * piety under Lugonu
   644 | D:1      | You fall into a shaft and drop 1 floor!
   644 | D:2      | Found a glowing golden altar of the Shining One.
   675 | D:2      | Reached skill level 1 in Dodging
   908 | D:2      | Found a burning altar of Makhleb.
   912 | D:2      | Reached XP level 3. HP: 31/31 MP: 4/4
  1760 | D:2      | Reached ** piety under Lugonu
  1774 | D:2      | Noticed Terence
  1791 | D:2      | Killed Terence
  1791 | D:2      | Reached XP level 4. HP: 37/38 MP: 5/5
  2689 | D:3      | Reached XP level 5. HP: 38/45 MP: 7/7
  3448 | D:4      | Found a glowing golden altar of the Shining One.
  3597 | D:4      | Noticed a phantom
  3649 | D:4      | Killed a phantom
  3649 | D:4      | Reached XP level 6. HP: 24/52 MP: 8/8
  3840 | D:4      | Got a crude whip
  3841 | D:4      | Identified the +6 whip of the Sky {drain, rN+ Str+3 Int+3}
                  | (You found it on level 4 of the Dungeon)
  3915 | D:5      | Entered Level 5 of the Dungeon
  4218 | D:5      | Found an iron altar of Okawaru.
  4442 | D:5      | Reached XP level 7. HP: 56/59 MP: 9/9
  4764 | D:5      | Reached skill level 1 in Maces & Flails
  4897 | D:6      | Reached *** piety under Lugonu
  5376 | D:6      | Found a staircase to the Ecumenical Temple.
  5440 | D:6      | Reached XP level 8. HP: 62/66 MP: 11/11
  5724 | D:7      | Noticed a manticore
  5728 | D:7      | Banished a manticore
  5728 | D:7      | Reached skill level 5 in Armour
  5905 | D:7      | Found a basalt altar of Yredelemnul.
  6103 | D:7      | Got a fine scale mail
  6122 | D:6      | Identified the cursed +0 scale mail of the Ditch-Digger
                  | {-Tele Int+3 Dex+3} (You found it on level 7 of the
                  | Dungeon)
  6165 | D:7      | Reached skill level 5 in Invocations
  6177 | D:7      | Noticed Menkaure
  6305 | D:7      | Killed Menkaure
  6547 | D:7      | Reached XP level 9. HP: 37/72 MP: 11/13
  6870 | D:7      | Got a scorched helmet
  6876 | D:7      | Identified the +2 helmet "Asunar" {rPois MR- Regen+ MP+9}
                  | (You found it on level 7 of the Dungeon)
  7003 | D:8      | Noticed a two-headed ogre
  7036 | D:9      | Noticed an elephant
  7037 | D:9      | Found a staircase to the Lair.
  7096 | D:8      | Noticed Grum
  7128 | D:7      | Reached skill level 5 in Fighting
  7628 | D:8      | Killed Grum
  7751 | D:7      | Reached **** piety under Lugonu
  7778 | D:7      | Killed a two-headed ogre
  7778 | D:7      | Reached skill level 5 in Maces & Flails
  8185 | D:8      | Reached XP level 10. HP: 81/81 MP: 14/14
  8533 | D:8      | Found Nequt's Distillery.
  8541 | D:8      | Bought a potion of heal wounds for 55 gold pieces
  8541 | D:8      | Bought 2 potions of curing for 66 gold pieces
  8709 | D:8      | Found a shimmering blue altar of Sif Muna.
  8755 | D:9      | Found an ancient bone altar of Kikubaaqudgha.
  8778 | D:9      | Killed an elephant
  8994 | D:9      | Found Xaunneh's Gadget Shoppe.
  9723 | D:9      | Reached skill level 5 in Dodging
  9943 | Lair:1   | Entered Level 1 of the Lair of Beasts
 10268 | Lair:1   | Noticed a spiny frog
 10450 | Lair:1   | Banished a spiny frog
 10919 | Lair:1   | Noticed a spiny frog
 10967 | Lair:1   | Killed a spiny frog
 11284 | Lair:1   | Found a shadowy altar of Dithmenos.
 11390 | Lair:1   | Reached XP level 11. HP: 71/91 MP: 16/16
 13306 | Lair:2   | Got a faintly glowing leather armour
 13317 | Lair:2   | Identified the +3 leather armour "Cyur" {*Contam +Fly rElec
                  | MR+ Regen+} (You found it on level 2 of the Lair of Beasts)
 13390 | Lair:2   | Gained mutation: Potions are less effective at restoring
                  | your health. [mutagenic glow]
 13427 | Lair:2   | Found a hole to the Spider Nest.
 14261 | Lair:2   | Found a staircase to the Shoals.
 15469 | Lair:3   | Reached skill level 10 in Armour
 15479 | Lair:3   | Noticed a five-headed hydra
 15673 | Lair:3   | Killed a five-headed hydra
 16169 | Lair:3   | Noticed a death yak
 16169 | Lair:3   | Noticed a death yak
 16170 | Lair:3   | Noticed a death yak
 16171 | Lair:3   | Noticed a death yak
 16172 | Lair:3   | Noticed a death yak
 16190 | Lair:2   | Killed a death yak
 16190 | Lair:2   | Reached XP level 12. HP: 38/101 MP: 18/18
 16461 | Lair:2   | Killed a death yak
 16466 | Lair:2   | Killed a death yak
 16521 | Lair:1   | Banished a death yak
 16942 | Lair:2   | Killed a death yak
 17205 | Lair:3   | Noticed a six-headed hydra
 17229 | Lair:3   | Banished a six-headed hydra
 17581 | Lair:3   | Noticed a catoblepas
 17631 | Lair:3   | Banished a catoblepas
 19868 | Lair:4   | Reached skill level 10 in Invocations
 20554 | Lair:5   | Reached XP level 13. HP: 60/110 MP: 20/20
 20940 | Lair:5   | Reached ***** piety under Lugonu
 21383 | Lair:5   | Reached skill level 10 in Maces & Flails
 21606 | Lair:5   | Noticed a dire elephant
 22030 | Lair:5   | Killed a dire elephant
 22311 | Lair:5   | You fall into a shaft and drop 1 floor!
 22311 | Lair:6   | Entered Level 6 of the Lair of Beasts
 22335 | Lair:6   | Noticed Nessos
 22693 | Lair:6   | Found a viscous altar of Jiyva.
 22693 | Lair:6   | Found a staircase to the Slime Pits.
 23856 | Lair:6   | Killed Nessos
 26316 | Lair:6   | Reached XP level 14. HP: 87/119 MP: 22/22
 26593 | Lair:6   | Reached skill level 10 in Fighting
 27435 | Lair:6   | Found the +6 shillelagh "Devastator" {shatter}
 27627 | D:10     | Entered Level 10 of the Dungeon
 27913 | D:10     | Found a runed translucent door.
 27913 | D:10     | Noticed a stone giant
 27913 | D:10     | Noticed a stone giant
 27915 | D:10     | Noticed a stone giant
 27930 | D:10     | Killed a stone giant
 28548 | D:9      | Killed a stone giant
 28842 | D:10     | Killed a stone giant
 29058 | D:10     | Found Sadu Zyet's Jewellery Shop.
 29209 | D:10     | HP: 5/121 [+3 long sword of electrocution (2)]
 29269 | Abyss:1  | Noticed a white very ugly thing
 29284 | Abyss:1  | Noticed a bone dragon
 29339 | Abyss:1  | HP: 5/121 [large abomination (22)]
 29341 | Abyss:1  | Slain by a large abomination

Levels and vault maps discovered:
D:1:      saegor_arrival_simple_b, layout_rooms, minmay_bisected
D:2:      layout_loops_corners, nicolae_overflow_crystal_walls,
          lemuel_round_altar, uniq_terence
D:3:      wad_lake_hut, layout_rooms
D:4:      kennysheep_spiral_hall, layout_basic, tso_altar
D:5:      layout_basic, lemuel_round_altar, first_ration
D:6:      layout_rooms, minmay_temple_entry_proselytizer
D:7:      layout_rooms, lemuel_round_altar, the_bakery, minmay_manual_mail,
          uniq_menkaure
D:8:      layout_loops_ring, lemuel_blue_sif_altar, serial_shops,
          nicolae_shop_trees, uniq_grum
D:9:      layout_irregular_city, old_standard_altar, david_lair_generic,
          serial_shops, kennysheep_mini_moat
D:10:     minmay_gate_of_8, layout_loops_ring, serial_shops, shop
Lair:1:   layout_layer_cave, grunt_forest_stairs_basic, lemuel_centaur_altar,
          grunt_megastairs_4, serial_bayou_shore_b, lemuel_fruit_tree
Lair:2:   layout_long_grid, minmay_shoals_entry_centaurs, spider_nest_entry_a,
          st_stairs_5, chequers_serial_rivers_micro_a, minivault_11,
          infiniplex_staircase_pool, serial_bayou_shore_b
Lair:3:   layout_big_grid, minmay_shattered_shrine
Lair:4:   layout_hall_layers, kennysheep_basilisk_garden
Lair:5:   beast_lair_carwin_large_4, layout_gridlike, enter_volcano_3,
          st_stairs_8, grunt_megastairs_1
Lair:6:   evilmike_catoblepas_cave, layout_gridlike, slime_altar_1,
          fungi_pond_lemuel, serial_bayou_ford_a, uniq_nessos
Abyss:1:  base: Lair:6, base:
D:12

Skill      XL: |  1  2  3  4  5  6  7  8  9 10 11 12 13 14 |
---------------+-------------------------------------------+-----
Axes           | 2 3 |  3.7
Dodging        | 1 2 3 4 5 6 7 8 |  8.7
Armour         | 2 3 4 5 7 8 10 11 | 11.8
Invocations    | 3 4 5 6 7 8 10 11 | 11.4
Fighting       | 4 5 6 7 8 9 10 | 10.3
Maces & Flails | 2 3 5 7 8 9 10 11 | 11.2

Action                   |  1- 3 |  4- 6 |  7- 9 | 10-12 | 13-15 || total
-------------------------+-------+-------+-------+-------+-------++-------
Melee: Hand axe          |   105 |   112 |       |       |       ||   217
       Kick              |    20 |    24 |    58 |   282 |   328 ||   712
       Whip              |       |    60 |   286 |   826 |   732 ||  1904
Invok: Depart the Abyss  |     1 |       |       |       |       ||     1
       Banish            |       |       |     1 |     6 |     1 ||     8
       Bend Space        |       |       |     1 |       |       ||     1
       Enter the Abyss   |       |       |       |       |     1 ||     1
Evoke: Wand              |       |       |       |       |     4 ||     4
  Use: Potion            |     1 |     1 |       |     5 |     4 ||    11
       Scroll            |     3 |     4 |     9 |     8 |     4 ||    28
  Eat: Chunk             |     1 |     5 |     7 |    27 |    15 ||    55
       Ration            |       |     1 |     2 |     3 |     3 ||     9
Armor: Leather armour    |    11 |       |       |       |       ||    11
       Ring mail         |    43 |    24 |   154 |   322 |   234 ||   777
       Skin              |       |     4 |       |       |       ||     4
       Plate armour      |       |   102 |     4 |       |       ||   106
Dodge: Dodged            |    56 |    39 |   143 |   341 |   231 ||   810

Table legend:
 A = Non-vault XP
 B = Vault XP
 C = Vault XP percentage of total XP
 D = Non-vault monster count
 E = Vault monster count
 F = Vault count percentage of total count
                 A         B        C        D         E       F
            +---------+---------+-------+---------+---------+-------
      Total |   38632 |   36788 |  48.8 |     296 |      95 |  24.3
            +---------+---------+-------+---------+---------+-------
        D:1 |      29 |       3 |   9.4 |      17 |       3 |  15.0
        D:2 |      63 |      32 |  33.7 |      17 |       1 |   5.6
        D:3 |     131 |       0 |   0.0 |      15 |       0 |   0.0
        D:4 |     123 |      13 |   9.6 |       3 |       1 |  25.0
        D:5 |     565 |       0 |   0.0 |      23 |       0 |   0.0
        D:6 |     657 |      41 |   5.9 |      13 |       1 |   7.1
        D:7 |    2215 |     995 |  31.0 |      24 |      10 |  29.4
        D:8 |     967 |     194 |  16.7 |      16 |       1 |   5.9
        D:9 |    1113 |    2395 |  68.3 |      23 |       5 |  17.9
       D:10 |    1080 |    2819 |  72.3 |      26 |       2 |   7.1
     Lair:1 |    5663 |    1224 |  17.8 |      30 |       7 |  18.9
     Lair:2 |    5979 |    1387 |  18.8 |      15 |       7 |  31.8
     Lair:3 |    2924 |    4257 |  59.3 |      11 |      11 |  50.0
     Lair:4 |    3441 |     890 |  20.5 |      17 |       5 |  22.7
     Lair:5 |    6213 |    7480 |  54.6 |      22 |      17 |  43.6
     Lair:6 |    7469 |   15058 |  66.8 |      24 |      24 |  50.0
            +---------+---------+-------+---------+---------+-------
